 Dungeon Crawl Stone Soup version 0.30-a0-808-g6e0788376e (webtiles) character file.

Game seed: 6462261769031556070

3 quinnr the Sneak (level 1, 0/15 HPs)
             Began as a Naga Air Elementalist on Feb 20, 2023.
             Slain by a kobold
             ... wielding a +3 whip
              (6 damage)
             ... on level 1 of the Dungeon on Feb 26, 2023.
             The game lasted 00:02:27 (90 turns).

quinnr the Sneak (Naga Air Elementalist)              Turns: 90, Time: 00:02:28

Health: 0/15       AC:  1    Str: 10    XL:     1   Next: 50%
Magic:  0/3        EV:  9    Int: 15    God:
Gold:   9          SH:  0    Dex: 11    Spells: 3/4 levels left

rFire   . . .      SeeInvis +    (no weapon)
rCold   . . .      Faith    .    (no shield)
rNeg    . . .      Spirit   .    a - +0 robe
rPois   +          Reflect  .    (no helmet)
rElec   .          Harm     .    (no cloak)
rCorr   .          Rampage  .    (no gloves)
Will    .....                    (no barding)
Stlth   ++                       (no amulet)
HPRegen 0.22/turn                (no ring)
MPRegen 0.08/turn                (no ring)

@: very slow
A: AC +0, large, see invisible, deformed body, poison resistance, slowness 2,
spit poison 1, naga tail 1
a: Spit Poison


You were on level 1 of the Dungeon.
You visited 1 branch of the dungeon, and saw 1 of its levels.

You collected 9 gold pieces.


Innate Abilities, Weirdness & Mutations

Your serpentine skin is tough. (AC +0)
You have supernaturally acute eyesight. (SInv)
Armour fits poorly on your strangely shaped body.
Your system is resistant to poisons. (rPois)
You cover ground very slowly.
You can spit poison.
You have a snake-like lower body.


   Skills:
 + Level 1.6 Dodging
 + Level 3.1 Stealth
 + Level 2.0 Spellcasting
 + Level 1.1 Conjurations
 + Level 3.0 Air Magic


You had 3 spell levels left.
You knew the following spells:

 Your Spells              Type           Power      Damage    Failure   Level
z - Shock                 Conj/Air       28%        1d4       10%         1

Your spell library contained the following spells:

 Spells                   Type           Power      Damage    Failure   Level
 Static Discharge         Conj/Air       14%        2-3/arc   14%         2
 Swiftness                Air            10%        N/A       19%         3
 Airstrike                Air            5%         2d(1-17)  54%         4

Inventory:

Armour
 a - a +0 robe (worn)
Potions
 b - a potion of magic

Dungeon Overview and Level Annotations

Branches:
Dungeon (1/15)

Altars:

## ##..#.# ####.#
#. ..... #####.##
#. ##..# #.......
#. ##..#####.......
#.##.......'.†.....
#....#######.......
##..#.#### #.......
#........# ########
#.#@##.#..#
#.....#K?#....#
#.##r# ░░.#...# #
#. #...# # ..# ..#


You could see a kobold and a rat.


Message History

A kobold comes into view. It is wielding a +0 triple crossbow.
A kobold is nearby!
A kobold is nearby!
A kobold is nearby!
You are out of magic!
You are out of magic!
You are out of magic!
Found a scroll labelled MYAH MIRAHI.
The kobold unwields a +0 triple crossbow.
The kobold wields a +3 whip.
The kobold barely misses you.
You closely miss the kobold. The kobold hits you with a +3 whip.
You barely miss the kobold. The kobold hits you with a +3 whip.
* * * LOW HITPOINT WARNING * * *
You closely miss the kobold. The kobold closely misses you.
You closely miss the kobold. The kobold hits you with a +3 whip.
* * * LOW HITPOINT WARNING * * *
You aren't carrying any items that you can evoke.
Okay, then.
It was a potion of curing.
You feel better.
A rat comes into view.
The kobold hits you with a +3 whip.
* * * LOW HITPOINT WARNING * * *
Casting: Shock (safe; 10% risk of failure)
Confirm with . or Enter, or press ? or * to list all spells.
Aiming: Shock (safe; 10% risk of failure)
Press: ? - help, Shift-Dir - straight line The zap misses the kobold.
The zap hits the kobold.
The kobold is severely wounded.
The kobold hits you with a +3 whip.
You die...

Action                     || total
---------------------------++-------
  Melee: Unarmed           ||     5
   Cast: Shock             ||     5
    Use: Potion            ||     1
  Dodge: Dodged            ||     2

Levels and vault maps discovered:
D:1:      tarquinn_simple_flora_water_a, layout_basic, minmay_small_reverse_x

Notes
Turn   | Place    | Note
-------+----------+-------------------------------------------
     0 | D:1      | quinnr the Naga Air Elementalist began the quest for the
                  | Orb.
     0 | D:1      | Reached XP level 1. HP: 15/15 MP: 3/3
    64 | D:1      | Upgraded the game from 0.30-a0-799-g109b55a442 to
                  | 0.30-a0-802-gb92711bcdf
    64 | D:1      | Upgraded the game from 0.30-a0-802-gb92711bcdf to
                  | 0.30-a0-808-g6e0788376e
    90 | D:1      | Slain by a kobold

Vanquished Creatures
  A hobgoblin (D:1)
  A ball python (D:1)
  A frilled lizard (D:1)
  A rat (D:1)
4 creatures vanquished.

Table legend: (Time is in decaauts)
 A = Elapsed time spent in this place.
 B = Non-inter-level travel time spent in this place.
 C = Inter-level travel time spent in this place.
 D = Time resting spent in this place.
 E = Time spent auto-exploring this place.
 F = Levels seen in this place.
 G = Mean time per level.
                   A        B        C        D        E       F      G
               +--------+--------+--------+--------+--------+-----+--------+
         Total |    115 |    115 |      0 |      0 |     91 |   1 |  115.0 |
       Dungeon |    115 |    115 |      0 |      0 |     91 |   1 |  115.0 |
               +--------+--------+--------+--------+--------+-----+--------+

Top non-repeatable levels by time:
     D:1: 115 daAuts

Table legend:
 A = Non-vault XP
 B = Vault XP
 C = Vault XP percentage of total XP
 D = Non-vault monster count
 E = Vault monster count
 F = Vault count percentage of total count
                 A         B        C        D         E       F
            +---------+---------+-------+---------+---------+-------
      Total |       1 |       4 |  80.0 |       1 |       3 |  75.0
            +---------+---------+-------+---------+---------+-------
        D:1 |       1 |       4 |  80.0 |       1 |       3 |  75.0
            +---------+---------+-------+---------+---------+-------
